 Dungeon Crawl Stone Soup version 0.28.0-43-g3370ac3207 (webtiles) character file.

Game seed: 1249915683057900668

17805 theElss the Fighter (level 12, -2/120 HPs)
             Began as a Gargoyle Berserker on Mar 12, 2022.
             Was an Elder of Trog.
             Slain by a death yak (11 damage)
             ... on level 2 of the Lair of Beasts.
             The game lasted 00:31:15 (14895 turns).

theElss the Fighter (Gargoyle Berserker)           Turns: 14895, Time: 00:31:15

Health: -2/120     AC: 25    Str: 23    XL:     12   Next: 51%
Magic:  12/12      EV: 11    Int:  9    God:    Trog [****..]
Gold:   719        SH:  0    Dex: 11    Spells: 11/11 levels left

rFire   + . .      SeeInvis .   l - +0 morningstar (vorpal)
rCold   + + .      Faith    .   (no shield)
rNeg    + . .      Spirit   .   z - +0 chain mail
rPois   ∞          Reflect  .   (no helmet)
rElec   +          Harm     .   q - scarf {rC+ rF+}
rCorr   .          Rampage  .   D - +0 pair of gloves
Will    +....                   E - +2 pair of boots {Fly}
Stlth   ..........              (no amulet)
HPRegen 0.30/turn               m - ring of protection from cold
MPRegen 0.13/turn               u - ring of willpower

@: berserking (expiring), flying, very quick
A: sickness immunity, AC +8, negative energy resistance 1, electricity
resistance, torment resistance 1, petrification resistance
a: Renounce Religion, Berserk, Trog's Hand, Brothers in Arms


You were on level 2 of the Lair of Beasts.
You worshipped Trog.
Trog was greatly pleased with you.
You visited 2 branches of the dungeon, and saw 13 of its levels.
You also visited: Bailey.

You collected 719 gold pieces.

Inventory:

Hand Weapons
 a - a +0 mace
 l - a +0 vorpal morningstar (weapon)
Armour
 q - a scarf of resistance (worn)
 z - a +0 chain mail (worn)
 D - a +0 pair of gloves (worn)
 E - a +2 pair of boots of flying (worn)
Jewellery
 c - a ring of positive energy
 m - a ring of protection from cold (left hand)
 u - a ring of willpower (right hand)
Wands
 s - a wand of paralysis (7)
 t - a wand of acid (13)
 A - a wand of polymorph (11)
 G - a wand of digging (5)
Scrolls
 d - 4 scrolls of brand weapon
 e - a scroll of silence {unknown}
 f - a scroll of teleportation {unknown}
 g - 2 scrolls of fear {unknown}
 h - 3 scrolls of enchant weapon
 k - a scroll of vulnerability {unknown}
 o - a scroll of blinking {unknown}
 v - a scroll of holy word {unknown}
 w - a scroll of torment {unknown}
 x - 2 scrolls of enchant armour {unknown}
 y - 2 scrolls of amnesia {unknown}
 F - a scroll of identify
 H - a scroll of fog {unknown}
Potions
 b - a potion of mutation
 i - 4 potions of curing
 j - a potion of resistance {unknown}
 n - a potion of ambrosia {unknown}
 p - 3 potions of attraction
 r - a potion of haste {unknown}
 B - a potion of degeneration {unknown}
 C - a potion of flight {unknown}
 I - 2 potions of might {unknown}


   Skills:
 + Level 11.6 Fighting
 + Level 10.7 Maces & Flails
 + Level 11.3 Armour
 + Level 8.8 Dodging


You had 11 spell levels left.
You didn't know any spells.
Your spell library was empty.

Dungeon Overview and Level Annotations

Branches:
Dungeon (10/15)            Temple (0/1) D:6            Lair (3/6) D:9
  Snake (0/4) Lair:2       Bailey (visited)
  Swamp: Lair:2-4    Shoals: Lair:2-4       Orc: D:9-12

Altars:
Ashenzari
Cheibriados
Dithmenos
Elyvilon
Fedhas
Hepliaklqana
Nemelex Xobeh
Sif Muna
Uskayaw
Wu Jian
Yredelemnul
Zin

Shops:
D:4 *   D:7 *

Annotations:
D:3 exclusion: door
D:4 1 transporter
D:10 Urug


Innate Abilities, Weirdness & Mutations

You are immune to sickness and miasma.
Your stone body is resilient. (AC +8)
You are immune to poison.
You resist negative energy. (rN+)
You are resistant to electric shocks. (rElec)
You are resistant to unholy torment.
You are immune to petrification.


Message History

The death yak gores you but does no damage.
The death yak gores you!!
* * * LOW HITPOINT WARNING * * *
There is a stone staircase leading up here.
A red film seems to cover your vision as you go berserk!
You feel yourself moving faster!
You feel mighty!
A death yak comes into view.
The death yak barely misses you.
The death yak gores you but does no damage.
Unknown command.
The death yak bellows!
You hit the death yak.
The death yak is lightly wounded.
You hear a bellow!
A death yak comes into view.
The death yak bellows!
You hit the death yak.
The death yak is lightly wounded.
The death yak gores you but does no damage.
The death yak gores you.
* * * LOW HITPOINT WARNING * * *
The death yak closely misses you. The death yak gores you!!
* * * LOW HITPOINT WARNING * * *
You fly upwards.
You feel a strong urge to attack something.
There is a stone staircase leading down here.
You sock the death yak!
The death yak is moderately wounded.
You bludgeon the death yak!!
The death yak is heavily wounded.
The death yak completely misses you.
The death yak gores you but does no damage.
You impale the death yak!!
The death yak is almost dead.
The death yak gores you.
* * * LOW HITPOINT WARNING * * *
You hit the death yak.
The death yak is almost dead.
The death yak gores you!
You die...

.....#P........#...#.####.....###
....#......#..##....#........###.
...............#....)...........#
..............####........#.#....
................##.........#....#
.P.............P.#...........#.#.
#..b........................#####
........#.......Y..........## ###
........###.#...@Y#........# #.#
.........#......P##........####..
....b....##......#..........##...
.................##...#P...####..
........###...#..##.P.###..# ##.
#...#..#..#..##.....#####..## #.
....#..............#####...P# ##.
..###...#.............##...P# #..
..##....###.#.........#....####..


You could see 2 death yaks.

Vanquished Creatures
  2 hydras (Lair:1)
  A two-headed ogre (D:9)
  A death yak (Lair:2)
  A black mamba (Lair:2)
  9 cane toads
  3 rime drakes
  A komodo dragon (Lair:1)
  A hornet (D:5)
  4 blink frogs (Lair:2)
  A wyvern (D:9)
  13 yaks (Lair:1)
  2 steam dragons (D:9)
  22 water moccasins
  An acid dragon (D:8)
  7 orc warriors
  4 sky beasts (D:6)
  An ogre (D:6)
  4 necrophages
  11 wolves (Lair:1)
  A kobold brigand (D:9)
  12 bullfrogs
  3 scorpions
  A wyvern zombie (D:5)
  7 water moccasin zombies
  14 killer bees
  2 howler monkeys
  An electric eel (Lair:1)
  4 wights
  5 centaur zombies
  5 bullfrog zombies
  A hound (D:6)
  2 jellies
  2 bullfrog skeletons (D:5)
  4 orc priests
  2 centaur skeletons
  2 iguanas
  4 orc wizards
  A killer bee zombie (D:5)
  2 hound skeletons
  3 gnolls (D:4)
  19 adders
  2 white imps
  2 adder zombies (D:5)
  2 dart slugs
  40 orcs
  6 ball pythons
  5 endoplasms
  7 giant cockroaches
  6 goblins
  8 hobgoblins
  4 jackals
  10 kobolds
  8 quokkas
  4 bats
  5 frilled lizards
  A rat (D:1)
296 creatures vanquished.

Vanquished Creatures (others)
  2 fungi (Lair:2)
  6 plants
  2 withered plants (D:5)
10 creatures vanquished.

Grand Total: 306 creatures vanquished

Notes
Turn   | Place    | Note
-------+----------+-------------------------------------------
     0 | D:1      | theElss the Gargoyle Berserker began the quest for the Orb.
     0 | D:1      | Reached XP level 1. HP: 14/14 MP: 1/1
   405 | D:2      | Reached XP level 2. HP: 9/19 MP: 2/2
   782 | D:2      | Reached XP level 3. HP: 23/23 MP: 3/3
  1048 | D:2      | Found a faded altar of an unknown god.
  1315 | D:2      | Reached XP level 4. HP: 26/29 MP: 4/4
  1466 | D:2      | Reached ** piety under Trog
  1615 | D:3      | Noticed a +0 dagger
  1615 | D:3      | Noticed a +0 falchion
  1615 | D:3      | Noticed a +0 short sword
  1616 | D:3      | Noticed a +0 spear
  1616 | D:3      | Noticed a +0 dagger
  1617 | D:3      | Noticed a +0 short sword
  1618 | D:3      | Noticed a +0 falchion
  1618 | D:3      | Noticed a +0 spear
  1619 | D:3      | Found a hide-covered altar of Uskayaw.
  2267 | D:4      | Found Juun's Assorted Antiques.
  2578 | D:4      | Found a sparkling altar of Nemelex Xobeh.
  2578 | D:4      | Found a transporter.
  2578 | D:4      | Noticed a kobold brigand
  2632 | D:4      | Reached XP level 5. HP: 29/33 MP: 5/5
  3008 | D:4      | Found a shadowy altar of Dithmenos.
  3820 | D:1      | Reached XP level 6. HP: 39/39 MP: 6/6
  4195 | D:5      | Entered Level 5 of the Dungeon
  4500 | D:5      | Reached skill level 5 in Fighting
  4500 | D:5      | Reached XP level 7. HP: 33/44 MP: 7/7
  4791 | D:5      | Reached skill level 5 in Maces & Flails
  4887 | D:5      | Reached skill level 5 in Armour
  4998 | D:5      | Reached *** piety under Trog
  4999 | D:5      | Reached XP level 8. HP: 47/51 MP: 8/8
  5025 | D:5      | Noticed a hornet
  5036 | D:5      | Killed a hornet
  5211 | D:5      | Found a blossoming altar of Fedhas.
  5986 | D:5      | Found a glowing silver altar of Zin.
  6451 | D:6      | Found a staircase to the Ecumenical Temple.
  6488 | D:6      | Reached XP level 9. HP: 50/56 MP: 9/9
  6620 | D:6      | Reached skill level 5 in Dodging
  7459 | D:7      | Found Buuwko's Assorted Antiques.
  7601 | D:7      | Found a white marble altar of Elyvilon.
  7640 | D:7      | Found a broken altar of Ashenzari.
  7700 | D:7      | Found a shimmering blue altar of Sif Muna.
  7803 | D:7      | Found a hazy altar of Hepliaklqana.
  7880 | D:7      | Found a flagged portal.
  7892 | Bailey   | Entered a bailey
  8327 | Bailey   | Reached XP level 10. HP: 64/64 MP: 10/10
  8958 | D:7      | Found a snail-covered altar of Cheibriados.
 10216 | D:9      | Noticed a two-headed ogre
 10225 | D:9      | Killed a two-headed ogre
 10670 | D:9      | Found a basalt altar of Yredelemnul.
 10672 | D:9      | Found an ornate altar of the Wu Jian Council.
 10756 | D:9      | Found a staircase to the Lair.
 11335 | D:10     | Entered Level 10 of the Dungeon
 11335 | D:10     | Noticed Urug
 11368 | Lair:1   | Entered Level 1 of the Lair of Beasts
 11368 | Lair:1   | Noticed a four-headed hydra
 11376 | Lair:1   | Killed a four-headed hydra
 11484 | Lair:1   | Noticed a cane toad
 11495 | Lair:1   | Killed a cane toad
 11496 | Lair:1   | Reached XP level 11. HP: 72/72 MP: 11/11
 11846 | Lair:1   | Reached skill level 10 in Fighting
 12379 | Lair:1   | Noticed a six-headed hydra
 12406 | Lair:1   | Killed a six-headed hydra
 12407 | Lair:1   | Reached skill level 10 in Armour
 12549 | Lair:1   | Reached **** piety under Trog
 13127 | Lair:1   | Reached skill level 10 in Maces & Flails
 13310 | Lair:1   | Reached XP level 12. HP: 69/79 MP: 12/12
 14403 | Lair:2   | Found a staircase to the Snake Pit.
 14822 | Lair:3   | Noticed a death yak
 14822 | Lair:3   | Noticed a death yak
 14822 | Lair:3   | Noticed a death yak
 14844 | Lair:2   | Killed a death yak
 14887 | Lair:3   | Noticed a death yak
 14888 | Lair:3   | Noticed a death yak
 14890 | Lair:3   | Noticed a death yak
 14895 | Lair:2   | Slain by a death yak

Illustrated notes

Levels and vault maps discovered:
D:1:      lightli_arrival_lavapool, layout_basic
D:2:      layout_basic, basic_ecumenical_altar, roderic_filled_cross,
          minmay_octomino_j4
D:3:      layout_loops_ring, nicolae_uskayaw_en_pointe, amethyst_killhole
D:4:      layout_basic, grunt_nemelex_the_gamble,
          nicolae_overflow_hidden_temple, serial_shops, nicolae_shop_stone
D:5:      layout_cave_pods, zin_treasury,
          mainiacjoe_overflow_concentric_impassable, serial_undead,
          serial_undead_b, serial_undead_d, serial_undead_d, serial_undead_d,
          serial_undead_b, serial_undead_a, chequers_serial_rivers_micro_a
D:6:      layout_loops_cross, minmay_temple_entry_tees
D:7:      layout_basic, mainiacjoe_overflow_big_doors, elyvilon_altar_5,
          lemuel_doored_altar, cheibrodos_ashenzari_chains, enter_bailey_2,
          serial_shops, nicolae_square_shop, hangedman_decor_push
D:8:      layout_basic
D:9:      layout_loops_ring, chequers_temple_overflow_statue_of_worship,
          lair_entry_dummy, chequers_serial_rivers_room_b
D:10:     layout_roguey, tgw_trog, uniq_urug
Lair:1:   lemuel_reptile_caves, layout_hall_layers,
          eino_small_chamber_without_monster, beast_lair_carwin_4,
          lemuel_fruit_fields, infiniplex_staircase_pool
Lair:2:   layout_misc_corridors, guppyfry_snake_entry_garden,
          lemuel_fruit_fields
Lair:3:   layout_cave_pods, nicolae_swamp_entry_splash_gauntlet, minivault_24,
          lemuel_old_faithful, serial_bayou_shore_a

Skill      XL: |  1  2  3  4  5  6  7  8  9 10 11 12 |
---------------+-------------------------------------+-----
Dodging        | 2 3 4 5 7 8 |  8.8
Armour         | 3 4 5 6 7 9 10 11 | 11.3
Fighting       | 4 5 6 8 9 10 11 | 11.6
Maces & Flails | 4 5 6 7 8 10 | 10.7

Action                   |  1- 3 |  4- 6 |  7- 9 | 10-12 || total
-------------------------+-------+-------+-------+-------++-------
Melee: Mace              |    82 |    45 |       |       ||   127
       Morningstar       |       |   119 |   355 |   658 ||  1132
       Punch             |       |       |     3 |    11 ||    14
Invok: Berserk           |     3 |     6 |     8 |    13 ||    30
       Trog's Hand       |       |       |     3 |     5 ||     8
  Use: Scroll            |       |     2 |       |     4 ||     6
Armor: Animal skin       |    21 |       |       |       ||    21
       Leather armour    |     7 |     6 |       |       ||    13
       Ring mail         |       |   124 |   179 |       ||   303
       Chain mail        |       |       |    46 |   424 ||   470
Dodge: Dodged            |    79 |   170 |   251 |   393 ||   893
